 Dungeon Crawl Stone Soup version 0.29-a0-1027-gcd8c55af63 (webtiles) character file.

Game seed: 2528218056500899230

130 drpainis the Sneak (level 4, -8/21 HPs)
             Began as a Spriggan Enchanter on Aug 13, 2022.
             Was an Initiate of Dithmenos.
             Mangled by Edmund
             ... wielding a +5 flail of protection
              (13 damage)
             ... on level 4 of the Dungeon.
             The game lasted 00:05:37 (4736 turns).

drpainis the Sneak (Spriggan Enchanter)             Turns: 4736, Time: 00:05:38

Health: -8/21      AC:  2    Str:  4    XL:     4   Next: 90%
Magic:  0/10       EV: 21    Int: 18    God:    Dithmenos [......]
Gold:   164        SH:  0    Dex: 15    Spells: 1/9 levels left

rFire   . . .      SeeInvis +   a - +1 dagger
rCold   . . .      Faith    .   (no shield)
rNeg    . . .      Spirit   .   b - +0 robe
rPois   .          Reflect  .   (helmet restricted)
rElec   .          Harm     .   (no cloak)
rCorr   .          Rampage  .   (gloves unavailable)
Will    .....                   (boots unavailable)
Stlth   +++.......              (no amulet)
HPRegen 0.07/turn               p - +4 ring of evasion
MPRegen 0.12/turn               (no ring)

@: very quick
A: very small, no large weapons, unfitting armour, see invisible, speed 3
a: Renounce Religion


You were on level 4 of the Dungeon.
You worshipped Dithmenos.
Dithmenos was noncommittal.
You visited 1 branch of the dungeon, and saw 4 of its levels.

You collected 164 gold pieces.

Inventory:

Hand Weapons
 a - a +1 dagger (weapon)
Armour
 b - a +0 robe (worn)
Jewellery
 p - a +4 ring of evasion (left hand)
 r - an amulet of faith
Wands
 t - a wand of iceblast (4)
Scrolls
 f - a scroll of teleportation {unknown}
 g - 2 scrolls of enchant armour {unknown}
 h - a scroll of vulnerability {unknown}
 i - 5 scrolls of identify {unknown}
 j - a scroll of butterflies {unknown}
 m - a scroll of torment {unknown}
 n - a scroll of immolation {unknown}
 o - a scroll of enchant weapon {unknown}
 q - a scroll of noise {unknown}
Potions
 c - 2 potions of invisibility
 d - a potion of ambrosia {unknown}
 e - 2 potions of brilliance {unknown}
 k - 3 potions of curing {unknown}
 l - 3 potions of degeneration {unknown}
 s - a potion of haste {unknown}
 u - a potion of attraction {unknown}


   Skills:
 + Level 0.2 Fighting
 + Level 1.3 Short Blades
 + Level 3.0 Dodging
 + Level 5.9 Stealth
 + Level 3.4 Spellcasting
 + Level 4.9 Hexes
 + Level 1.1 Ice Magic


You had one spell level left.
You knew the following spells:

 Your Spells              Type           Power      Damage    Failure   Level
a - Ensorcelled Hibernat  Hex/Ice        28%        N/A       7%          2
b - Tukima's Dance        Hex            21%        N/A       6%          3
c - Confusing Touch       Hex            21%        N/A       6%          3

Your spell library contained the following spells:

 Spells                   Type           Power      Damage    Failure   Level
 Foxfire                  Conj/Fire      12%        2x1d4     16%         1
 Sting                    Tmut/Pois      12%        1d3       16%         1
 Dazzling Flash           Conj/Hex       24%        N/A       17%         3
 Inner Flame              Hex/Fire       12%        N/A       17%         3
 Poisonous Vapours        Pois/Air       6%         N/A       24%         2
 Conjure Flame            Conj/Fire      3%         6-21      43%         3
 Flame Wave               Conj/Fire      3%         2d5       83%         4
 Olgreb's Toxic Radiance  Pois           3%         N/A       83%         4
 Fireball                 Conj/Fire      1%         3d3       99%         5
 Starburst                Conj/Fire      1%         6d3       100%        6
 Ignition                 Fire           1%         3d3       100%        8


Dungeon Overview and Level Annotations

Branches:
Dungeon (4/15)
 Temple: D:4-7

Altars:
Dithmenos
Gozag
Makhleb
The Shining One

Shops:
D:3 [

Annotations:
D:4 Edmund, Sigmund


Innate Abilities, Weirdness & Mutations

You are very small and have problems with some larger weapons.
You are too small for most types of armour.
You have supernaturally acute eyesight. (SInv)
You cover ground extremely quickly. (Speed+++)


Message History

Sigmund points at Edmund and mumbles some strange words.
The magic dart hits you!
You hit Edmund but do no damage.
Edmund is lightly wounded.
Sigmund flickers, as though insubstantial.
Edmund closely misses you.
You barely miss Edmund.
Edmund is lightly wounded.
Edmund closely misses you. Sigmund asks, "Do you like me?"
Sigmund points at something and mumbles some strange words.
Edmund resists with some effort.
Edmund shouts!
You hit Edmund but do no damage.
Sigmund screams, "Don't try to resist!"
Found a clear potion.
You flicker for a moment.
Casting: Ensorcelled Hibernation (safe; 7% risk of failure)
Confirm with . or Enter, or press ? or * to list all spells.
Aiming: Ensorcelled Hibernation (safe; 7% risk of failure)
Press: ? - help, Shift-Dir - straight line, f/p - Edmund
Aim: Edmund, wielding a +5 flail of protection and wearing a +0 ring mail (unable to see you, chance to affect: 48%) Edmund looks drowsy...
The helpless Edmund fails to defend himself.
You impale Edmund!!
Edmund is moderately wounded.
Edmund barely misses you.
You barely miss Edmund.
Edmund is moderately wounded.
Edmund hits you with a +5 flail of protection!
* * * LOW HITPOINT WARNING * * *
You completely miss Edmund.
Edmund is moderately wounded.
Edmund completely misses you.
You closely miss Edmund.
Edmund is moderately wounded.
You flicker back into view.
Edmund hits you with a +5 flail of protection!
Ouch! That really hurt!
You die...

# ..#.....##.....^...#
#####..#.....#..........#
.P.P#..#................#
.PPP####.....############
............†#
.............##
.##...........##########
###............@...!...#
#..........###@......#
#..........# ##......#
....###..#### #......#
.....###..# ########
..........#
...............#
...####.#...... ..
..###.≈.# #.## .≈.#


You could see Edmund.

Vanquished Creatures
  Terence (D:2)
  Natasha (thrice) (D:2)
  7 ball pythons
  3 bats (D:1)
  An endoplasm (D:2)
  5 goblins
  5 hobgoblins
  2 quokkas
  A frilled lizard (D:3)
  A kobold (D:1)
  3 rats
32 creatures vanquished.

Vanquished Creatures (others)
  A fungus (D:2)
  23 plants
24 creatures vanquished.

Grand Total: 56 creatures vanquished

Notes
Turn   | Place    | Note
-------+----------+-------------------------------------------
     0 | D:1      | drpainis the Spriggan Enchanter began the quest for the
                  | Orb.
     0 | D:1      | Reached XP level 1. HP: 9/9 MP: 5/5
   971 | D:1      | Reached XP level 2. HP: 13/13 MP: 6/6
  1307 | D:1      | Learned a level 2 spell: Ensorcelled Hibernation
  1445 | D:2      | Found a faded altar of an unknown god.
  1989 | D:2      | Identified the +4 ring mail "Yrphiusut" {rF+ Will+}
  2040 | D:2      | Noticed Natasha
  2048 | D:2      | Killed Natasha
  2049 | D:2      | Reached skill level 5 in Stealth
  2049 | D:2      | Reached XP level 3. HP: 3/16 MP: 5/8
  2604 | D:2      | Noticed Natasha
  2965 | D:2      | Killed Natasha
  2966 | D:2      | Reached XP level 4. HP: 21/21 MP: 6/9
  2967 | D:2      | Noticed Natasha
  3317 | D:2      | Killed Natasha
  3410 | D:3      | Learned a level 3 spell: Tukima's Dance
  3414 | D:3      | Learned a level 3 spell: Confusing Touch
  3474 | D:3      | Noticed Terence
  3591 | D:2      | Killed Terence
  3592 | D:2      | Reached skill level 1 in Ice Magic
  3683 | D:3      | Found a glowing golden altar of the Shining One.
  3853 | D:3      | Found Tuezy's Armour Shoppe.
  3917 | D:3      | Found a shadowy altar of Dithmenos.
  3917 | D:3      | Found a burning altar of Makhleb.
  3923 | D:3      | Became a worshipper of Dithmenos the Shadowed
  4645 | D:4      | Found an opulent altar of Gozag.
  4683 | D:4      | Noticed Edmund
  4683 | D:4      | Noticed Sigmund
  4736 | D:4      | Mangled by Edmund

Illustrated notes

Levels and vault maps discovered:
D:1:      minmay_arrival_five_plusses, layout_basic,
          nicolae_concentric_dashed_squares_wild, serial_bayou_lagoon_a
D:2:      layout_rooms, shapermc_ecumenical_altar_mp_ritualfount, uniq_natasha
D:3:      layout_basic, mainiacjoe_overflow_brackets,
          nicolae_overflow_two_pavilions, serial_shops, shop, st_stairs_7,
          hangedman_decor_peaks_small, uniq_terence
D:4:      layout_rooms, nicolae_gozag_cash_rules_everything_around_me,
          nicolae_ossuary_entry_catacombs, chequers_serial_rivers_micro_e,
          sigmund_edmund_badplayer

Skill      XL: |  1  2  3  4 |
---------------+-------------+-----
Hexes          | 4 |  4.9
Stealth        | 5 |  5.9
Spellcasting   | 3 |  3.4
Dodging        | 3 |  3.0
Ice Magic      | 1 |  1.1
Fighting       | |  0.2
Short Blades   | |  1.3

Action                   |  1- 3 |  4- 6 || total
-------------------------+-------+-------++-------
Melee: Dagger            |    69 |    25 ||    94
 Cast: Ensorcelled Hiber |    14 |    24 ||    38
  Use: Potion            |       |     1 ||     1
 Stab: Sleeping          |    13 |    11 ||    24
Armor: Robe              |     3 |       ||     3
Dodge: Dodged            |    50 |    19 ||    69

Table legend: (Time is in decaauts)
 A = Elapsed time spent in this place.
 B = Non-inter-level travel time spent in this place.
 C = Inter-level travel time spent in this place.
 D = Time resting spent in this place.
 E = Time spent auto-exploring this place.
 F = Levels seen in this place.
 G = Mean time per level.
                   A        B        C        D        E       F      G
               +--------+--------+--------+--------+--------+-----+--------+
         Total |   3916 |   3863 |     53 |   2140 |   1137 |   4 |  979.0 |
       Dungeon |   3916 |   3863 |     53 |   2140 |   1137 |   4 |  979.0 |
               +--------+--------+--------+--------+--------+-----+--------+

Top non-repeatable levels by time:
     D:2: 1368 daAuts
     D:3: 1295 daAuts
     D:1: 1069 daAuts
     D:4: 182 daAuts
